 Dungeon Crawl Stone Soup version 0.23.2 (webtiles) character file.

Game seed: 6325029660813792902

45 Borgoz the Sneak (level 3, 0/30 HPs)
             Began as a Ghoul Assassin on Apr 4, 2019.
             Slain by an adder (4 damage)
             ... on level 3 of the Dungeon.
             The game lasted 00:01:55 (1061 turns).

Borgoz the Sneak (Ghoul Assassin)                   Turns: 1061, Time: 00:01:56

Health: 0/30       AC:  6    Str: 14    XL:     3   Next: 64%
Magic:  2/2        EV: 11    Int:  6    God:
Gold:   68         SH:  0    Dex: 11    Spells: 2/2 levels left

rFire    . . .     SeeInvis .   a - +2 dagger
rCold    + . .     Gourm    .   (no shield)
rNeg     + + +     Faith    .   s - +0 ring mail (curse)
rPois    ∞         Spirit   .   (no helmet)
rElec    .         Reflect  .   d - +0 cloak
rCorr    .         Harm     .   (no gloves)
MR       .....                  (no boots)
Stlth    ++........             (no amulet)
HPRegen  0.00/turn              (no ring)
MPRegen  0.08/turn              (no ring)

@: rotting
A: rotting body, claws 1, carnivore, cold resistance 1, negative energy
resistance 3, inhibited regeneration, torment resistance, unbreathing
a: no special abilities


You were on level 3 of the Dungeon.
You were not hungry.

You visited 1 branch of the dungeon, and saw 3 of its levels.

You collected 68 gold pieces.

Inventory:

Hand Weapons
 a - a +2 dagger (weapon)
 b - a +0 blowgun
Missiles
 e - 25 poisoned needles
 f - 2 curare-tipped needles
 k - 7 needles of confusion
Armour
 d - a +0 cloak (worn)
 s - a cursed +0 ring mail (worn)
Scrolls
 i - 2 scrolls of enchant weapon {unknown}
 j - a scroll of identify {unknown}
 m - a scroll of teleportation {unknown}
 n - a scroll of fear {unknown}
 o - a scroll of noise {unknown}
Potions
 c - a potion of cancellation {unknown}
 h - a potion of heal wounds {unknown}
 l - 2 potions of curing {unknown}
 p - a potion of haste {unknown}
 r - a potion of degeneration {unknown}
 t - a potion of might {unknown}
Comestibles
 g - 3 rations
 q - 5 chunks of flesh


   Skills:
 + Level 2.4 Fighting
 * Level 2.3 Short Blades
 - Level 1.7 Throwing
 * Level 1.2 Armour
 * Level 1.6 Dodging
 + Level 4.5 Stealth


You had 2 spell levels left.
You didn't know any spells.
Your spell library was empty.

Dungeon Overview and Level Annotations

Branches:
Dungeon (3/15)

Altars:

Portals:
Sewer: D:3


Innate Abilities, Weirdness & Mutations

Your body is rotting away.
You thrive on raw meat.
You are immune to poison.
You have sharp fingernails.
You are carnivorous and can eat meat at any time.
Your flesh is cold resistant. (rC+)
You are immune to negative energy. (rN+++)
You do not regenerate when monsters are visible.
You are immune to unholy pain and torment.
You can survive without breathing.


Message History

A hobgoblin comes into view. It is wielding a +0 club.
You enter the shallow water.
Moving in this stuff is going to be slow.
Why would you want to do that?
You aren't carrying any items that you can evoke.
The hobgoblin shouts!
Some of the chunks of flesh in your inventory have rotted away.
An adder comes into view.
The adder hisses angrily.
A rat comes into view.
Found a stone staircase leading down.
The adder bites you.
* * * LOW HITPOINT WARNING * * *
You see here a scroll labeled KUM NUILAM.
The adder bites you.
* * * LOW HITPOINT WARNING * * *
You hit the adder.
The adder is lightly wounded.
The adder bites you.
You die...

#...........## #
#.............
#.##............
..............###.#
.........r.....#.###.
#.................
#.#............≈.
#>..@S..##≈≈.≈≈# .. ##
###....?##≈≈.≈≈##...
...####+###g≈≈....≈≈≈...
............≈≈.≈...≈≈...
....$.......≈≈..∩..≈≈.#
............≈≈.....≈≈.+
............≈≈.....≈≈.#
...........w##≈ww≈≈##.<
######....÷.##≈≈≈≈≈##..


You could see an adder, a hobgoblin and a rat.

Vanquished Creatures
  A worm (D:3)
  3 leopard geckos
  3 giant cockroaches
  4 goblins
  3 hobgoblins
  3 jackals (D:1)
  2 kobolds (D:2)
  A quokka (D:3)
  A ball python (D:2)
  4 bats
  5 frilled lizards
  7 rats
37 creatures vanquished.

Notes
Turn   | Place    | Note
-------+----------+-------------------------------------------
     0 | D:1      | Borgoz the Ghoul Assassin began the quest for the Orb.
     0 | D:1      | Reached XP level 1. HP: 17/17 MP: 0/0
    39 | D:1      | Reached skill level 1 in Dodging
   114 | D:1      | Reached XP level 2. HP: 22/24 MP: 1/1
   613 | D:2      | Reached skill level 1 in Armour
   621 | D:2      | Reached XP level 3. HP: 22/28 MP: 2/2
   993 | D:3      | Found a glowing drain.
  1061 | D:3      | Slain by an adder

Skill      XL: |  1  2 |
---------------+-------+-----
Dodging        | 1 |  1.6
Short Blades   | 2 |  2.3
Armour         | 1 |  1.2
Fighting       | |  2.4
Throwing       | |  1.7
Stealth        | |  4.5

Action                   || total
-------------------------++-------
Melee: Dagger            ||   117
 Stab: Sleeping          ||     9
  Eat: Chunk             ||     3
Armor: Robe              ||    19
       Ring mail         ||    20
Dodge: Dodged            ||    69
